Map: Blueshift LE

Players

Aradan

  • Race: Terran Terran
  • League: Platinum
  • Spawn Location: 7:00

SGRT - Winner!

  • Race: Zerg Zerg
  • League: Diamond
  • Spawn Location: 1:00

VOD

Have the link to the VOD?

Description

Time

  • Played on: Aug. 17, 2018, 3:54 a.m.
  • Length: 16:39
Show
View Real Time Build Order
Export as new Build Order

Aradan Terran 

Build Orders: 1/1/1, Hellion Opening 

Get SALT Encoding   

  12  0:01  SCV  
  13  0:13  SCV  
  14  0:20  Supply Depot  
  14  0:25  SCV  
  15  0:31  Refinery  
  15  0:42  Barracks  
  15  0:46  SCV  
  16  0:56  Refinery  
  16  0:59  SCV  
  17  1:11  SCV  
  18  1:23  SCV  
  19  1:33  Factory  
  19  1:35  SCV  
  19  1:37  Barracks Reactor  
  20  1:47  SCV, Supply Depot  
  21  2:00  SCV  
  22  2:19  Starport  
  22  2:24  Barracks Reactor  
  22  2:26  Hellion x2  
  26  2:36  SCV  
  27  2:37  Armory  
  27  2:55  Hellion x2  
  31  3:01  Supply Depot  
  31  3:16  Barracks Tech Lab  
  31  3:22  Medivac x2  
  31  3:23  Hellion x4  
  35  3:35  Barracks  
  35  3:37  Marauder  
  35  3:38  Concussive Shells  
  37  3:59  Supply Depot  
  37  4:03  Supply Depot  
  36  4:10  Medivac  
  39  4:21  Cyclone  
  44  4:24  Marauder  
  44  4:25  Barracks Reactor  
  44  4:36  Medivac  
  46  4:45  Hellion, Marine  
  49  4:52  Orbital Command  
  49  5:01  Marine  
  49  5:02  Marine  
  49  5:03  Marauder  
  53  5:19  Marine x2  
  55  5:23  Supply Depot, Cyclone  
  58  5:34  Marine  
  59  5:37  Marine  
  59  5:40  Cyclone  
  55  6:09  Marine x3  
  55  6:10  Cyclone  
  55  6:11  Liberator  
  52  6:27  Cyclone  
  47  6:45  Combat Shields  
  47  6:52  Command Center  
  43  7:03  Hellion x2  
  47  7:09  Marine x3  
  49  7:47  Marine x3  
  14  8:13  Cyclone  
  14  8:19  Marine x3  
Show
View Real Time Build Order
Export as new Build Order

SGRT Zerg - Winner!

Build Orders: Hatch First 

Get SALT Encoding   

  12  0:01  Drone  
  13  0:14  Overlord  
  13  0:20  Drone  
  14  0:35  Drone x2  
  16  0:38  Drone  
  17  1:02  Hatchery  
  17  1:03  Drone x2  
  18  1:06  Extractor  
  17  1:21  Spawning Pool  
  17  1:24  Drone  
  17  1:27  Drone  
  18  1:34  Drone  
  19  1:42  Overlord  
  19  2:08  Zergling x4  
  21  2:09  Queen  
  21  2:14  Queen  
  21  2:15  Metabolic Boost  
  25  2:23  Drone  
  25  2:24  Drone  
  27  2:33  Drone x2  
  29  2:47  Overlord  
  29  2:53  Evolution Chamber  
  29  2:55  Drone x3  
  29  2:56  Drone  
  32  3:03  Queen  
  34  3:10  Queen  
  35  3:25  Zerg Melee Weapons Level 1  
  35  3:32  Zergling x2  
  36  3:37  Zergling x14  
  43  3:52  Overlord x3  
  43  3:57  Spore Crawler  
  43  4:01  Spore Crawler  
  43  4:02  Zergling x4  
  43  4:18  Baneling Nest  
  43  4:19  Drone x2  
  44  4:26  Zergling x6  
  44  4:27  Zergling x2  
  44  4:29  Spore Crawler  
  47  4:41  Zergling x6  
  47  4:42  Zergling x6  
  53  5:01  Zergling x8  
  57  5:08  Zergling x10  
  57  5:11  Baneling x3  
  57  5:12  Baneling  
  62  5:20  Zergling x6  
  65  5:28  Zerg Ground Armor Level 1  
  65  5:33  Zergling x4  
  67  5:43  Lair  
  67  5:44  Overlord  
  59  6:02  Zergling x2  
  59  6:03  Zergling x12  
  51  6:12  Zergling x8  
  51  6:15  Zergling x2  
  51  6:28  Zergling x8  
  51  6:41  Queen  
  51  6:42  Extractor  
  52  6:51  Zergling x12  
  56  7:10  Hydralisk Den  
  56  7:12  Drone x3  
  58  7:16  Baneling  
  58  7:17  Baneling x5  
  58  7:21  Drone x2  
  49  7:44  Zergling x8  
  49  7:45  Zergling x8  
  52  7:57  Zergling x8  
  56  8:01  Zergling x2  
  55  8:07  Zergling x2  
  55  8:12  Zergling x2  
  51  8:23  Hydralisk x2  
Tags
 
Add a new tag
Caveats
  • Supply blocks, unpowered buildings, or Contaminate may cause inaccurate times.
  • Supply counts are checked every 10 seconds.